 Dungeon Crawl Stone Soup version 0.29.1-13-g9f3cf754e1 (webtiles) character file.

Game seed: 238687270350815454

48 Thatpatchoflichen the Trooper (level 3, -4/39 HPs)
             Began as an Ogre Monk on Feb 9, 2023.
             Slain by a gnoll
             ... wielding a +0 spear
              (6 damage)
             ... on level 2 of the Dungeon.
             The game lasted 00:03:00 (1883 turns).

Thatpatchoflichen the Trooper (Ogre Monk)           Turns: 1883, Time: 00:03:01

Health: -4/39      AC:  3    Str: 17    XL:     3   Next: 72%
Magic:  3/3        EV: 10    Int: 11    God:
Gold:   15         SH:  0    Dex: 11    Spells: 2/2 levels left

rFire   . . .      SeeInvis .   a - +0 mace
rCold   . . .      Faith    .   (no shield)
rNeg    . . .      Spirit   .   b - +0 robe
rPois   .          Reflect  .   (helmet restricted)
rElec   .          Harm     .   (no cloak)
rCorr   .          Rampage  .   (gloves unavailable)
Will    .....                   (boots unavailable)
Stlth   ++........              (no amulet)
HPRegen 0.13/turn               (no ring)
MPRegen 0.08/turn               (no ring)

@: lethally poisoned (-4 -> -14)
A: large, unfitting armour, tough skin 1
a: no special abilities


You were on level 2 of the Dungeon.
You visited 1 branch of the dungeon, and saw 2 of its levels.

You collected 15 gold pieces.

Inventory:

Hand Weapons
 a - a +0 mace (weapon)
Missiles
 e - a throwing net (quivered)
 i - 3 poisoned darts
Armour
 b - a +0 robe (worn)
Scrolls
 d - a scroll of identify {unknown}
 g - a scroll of silence {unknown}
 h - a scroll of poison {unknown}
 j - a scroll of magic mapping {unknown}
Potions
 c - a potion of ambrosia
 f - 2 potions of cancellation {unknown}


   Skills:
 - Level 4.0 Fighting
 + Level 3.5 Maces & Flails
 + Level 3.5 Dodging
 - Level 1.4 Stealth


You had 2 spell levels left.
You didn't know any spells.
Your spell library was empty.

Dungeon Overview and Level Annotations

Branches:
Dungeon (2/15)

Altars:


Innate Abilities, Weirdness & Mutations

You are too large for most types of armour.
You have tough skin. (AC +1)


Message History

You kill the gnoll!
Things that are here:
a +0 whip; a gnoll corpse You start resting.
HP restored.
There is a stone staircase leading down, spattered with blood here.
You climb downwards.
There is a stone staircase leading up here.
The gnoll hits you from afar with a +0 spear.
An adder comes into view.
The adder hisses angrily.
The gnoll hits you with a +0 spear. The gnoll hits you with a +0 spear!
You barely miss the gnoll. The adder closely misses you.
The gnoll closely misses you.
You closely miss the gnoll. The adder closely misses you.
The gnoll barely misses you. The adder bites you but does no damage.
The gnoll hits you with a +0 spear.
You hit the gnoll.
The gnoll is moderately wounded.
The adder bites you.
You are poisoned.
The adder poisons you! The gnoll hits you with a +0 spear. The adder bites you.
You are more poisoned.
The adder poisons you!
You hit the gnoll.
The gnoll is heavily wounded.
* * * LOW HITPOINT WARNING * * *
You feel very sick. The adder bites you.
* * * LOW HITPOINT WARNING * * *
You are more poisoned.
The adder poisons you! The gnoll hits you with a +0 spear.
* * * LOW HITPOINT WARNING * * *
You hit the gnoll but do no damage.
The gnoll is heavily wounded.
* * * LOW HITPOINT WARNING * * *
You feel very sick. The adder closely misses you.
The gnoll hits you with a +0 spear.
You die...

######## #.#.#................
#........# #.#.#...#############
#......#.# #.#.....# #......#
.......#.####.#.###.# #.#..#.#
....#..#.#..........# #.#..#.#
###.#..#.#.##.#.....####.#..#.#
.##'#..#.#<.................#.#
.......#.####.##g#######.##.#.#
..........###...@...........#.#
................S#######.#....#
.##.###...[#..##.......#.##.###
.##.#....#.#..##.#####.#.##.#####
.##.#.####.#..##.# #.#.##......
.##.#.####.#..##.# #>#.#.......
.##.# #.......##.# #.#'#.......
.##.# ##.#.##.##.# #...........
.##.# #.<#.....# #......#####


You could see a gnoll and an adder.

Vanquished Creatures
  2 gnolls (D:1)
  2 dart slugs (D:1)
  4 endoplasms
  2 giant cockroaches
  A goblin (D:1)
  2 hobgoblins
  A quokka (D:1)
  3 ball pythons
  2 bats (D:1)
  A frilled lizard (D:1)
  3 kobolds (D:1)
  2 rats (D:1)
25 creatures vanquished.

Vanquished Creatures (others)
  A frilled lizard (D:1)
  A fungus (D:1)
  3 plants (D:1)
5 creatures vanquished.

Grand Total: 30 creatures vanquished

Notes
Turn   | Place    | Note
-------+----------+-------------------------------------------
     0 | D:1      | Thatpatchoflichen the Ogre Monk began the quest for the
                  | Orb.
     0 | D:1      | Reached XP level 1. HP: 24/24 MP: 1/1
   238 | D:1      | Found a faded altar of an unknown god.
   249 | D:1      | Reached XP level 2. HP: 27/32 MP: 2/2
  1355 | D:2      | Reached XP level 3. HP: 39/39 MP: 3/3
  1883 | D:2      | Slain by a gnoll

Illustrated notes

Levels and vault maps discovered:
D:1:      minmay_arrival_doors, layout_loops_cross,
          dreamdust_ecumenical_altar_grove, corexii_leaking_fountain
D:2:      layout_basic

Skill      XL: |  1 |
---------------+----+-----
Maces & Flails | 3 |  3.5
Dodging        | 3 |  3.5
Fighting       | |  4.0
Stealth        | |  1.4

Action                   || total
-------------------------++-------
Melee: Mace              ||    97
 Stab: Sleeping          ||     2
Armor: Robe              ||    45
Dodge: Dodged            ||    59
